 Dungeon Crawl Stone Soup version 0.17-a0-1748-g222fba8 (webtiles) character file.

893 MartinZepigue the Chopper (level 8, 0/93 HPs)
             Began as a Human Berserker on Aug 31, 2015.
             Was a Priest of Trog.
             Slain by an orc priest
             ... wielding a +0 flail
              (6 damage)
             ... on level 4 of the Dungeon on Sept 1, 2015.
             The game lasted 01:13:43 (4823 turns).

MartinZepigue the Chopper (Human Berserker)         Turns: 4823, Time: 01:13:44

Health: 0/93       AC: 12    Str: 26    XL:     8   Next: 27%
Magic:  7/7        EV:  7    Int:  9    God:    Trog [***...]
Gold:   199        SH: 10    Dex: 12    Spells: 0 memorised, 7 levels left

rFire  x . .     SeeInvis .     m - +2 hand axe (chop)
rCold  + . .     Clarity  .     i - +0 chain mail
rNeg   . . .     SustAt   .     O - +0 shield
rPois  .         Gourm    .     (no helmet)
rElec  .         Spirit   .     w - +2 cloak
rCorr  .         Warding  .     (no gloves)
rMut   .         Stasis   .     (no boots)
MR     .....                    k - amulet of regeneration
Stlth  ..........               (no ring)
                                S - ring of ice

@: berserking, very quick, not resistant to hostile enchantments, extremely
unstealthy
A: low mp 1, screaming 1, strong 1
a: Burn Spellbooks, Berserk, Trog's Hand, Renounce Religion


You were on level 4 of the Dungeon.
You worshipped Trog.
Trog was most pleased with you.
You were not hungry.

You visited 1 branch of the dungeon, and saw 4 of its levels.

You collected 199 gold pieces.

Inventory:

Hand weapons
 a - a +0 hand axe
 d - a +0 hand axe
 g - a +0 short sword
 m - a +2 hand axe of chopping (weapon)
 n - a +0 short sword
 s - a +0 mace
 v - a +0 spear
 z - a +0 hunting sling
 E - a +0 shortbow
 P - a cursed +0 whip
Missiles
 p - 28 poisoned needles
 u - 9 sling bullets
 A - 173 stones (quivered)
 G - 34 arrows
 N - 20 arrows of flame
 R - 6 needles of confusion
Armour
 b - a +0 animal skin
 h - a +0 leather armour
 i - a +0 chain mail (worn)
 q - a +1 leather armour of fire resistance
 w - a +2 cloak (worn)
 B - a +0 ring mail
 O - a +0 shield (worn)
Jewellery
 k - an amulet of regeneration (around neck)
 S - a ring of ice (left hand)
Magical devices
 e - a wand of digging (13)
 y - a wand of slowing (9)
Scrolls
 l - 7 scrolls of remove curse
 x - a scroll of teleportation
 D - 3 scrolls of identify
 F - a scroll of fear {unknown}
 J - a scroll of enchant weapon {unknown}
 L - a scroll of enchant armour {unknown}
Potions
 o - a potion of heal wounds
 r - a potion of poison
 C - a potion of invisibility
 M - 2 potions of agility
 U - a potion of curing
Comestibles
 c - 4 bread rations
 f - 2 meat rations
 j - 2 chunks of flesh


   Skills:
 + Level 5.1 Fighting
 + Level 5.2 Axes
 + Level 4.7 Armour
 + Level 3.5 Dodging
 + Level 1.0 Stealth
 + Level 3.2 Shields


You had 7 spell levels left.
You didn't know any spells.

Dungeon Overview and Level Annotations

Branches:
Dungeon (4/15)
 Temple: D:4-7

Altars:
Cheibriados
Gozag
Nemelex Xobeh
Ru


Innate Abilities, Weirdness & Mutations

Your magical capacity is low (-10% MP).
You occasionally shout uncontrollably at your foes.
Your muscles are strong. (Str +2)


Message History

The orc priest calls down the wrath of Beogh upon you.
Something smites you!
You hit the orc priest but do no damage.
The orc priest mumbles some strange prayers to Beogh against you.
Pain shoots through your body!
You closely miss the orc priest. You slash the orc priest!
The orc priest is severely wounded.
The orc priest hits you but does no damage.
The orc priest calls down the wrath of Beogh upon you.
Something smites you!
* * * LOW HITPOINT WARNING * * *
Use which ability? (? or * to list)
A red film seems to cover your vision as you go berserk!
You feel yourself moving faster!
You feel mighty!
You feel somewhat more hungry.
The orc priest invokes the aid of Beogh against you.
Something smites you!
* * * LOW HITPOINT WARNING * * *
The orc priest hits you with a flail.
You die...

##...# ###......
#...## ..........
##...### .......##..
#......### ##...###
#..
##........####..##
#..
#...............#
##.
...............## #.
##..............# #.
##.....@####...# #.
##...oo# ##..# #.
##...a# #..### ###.
##...# ##....####...
#(..####............
##..##.........####.
#..#......#..## #.
#........##..# ##
##....###.## #


You could see a worker ant and 2 orc priests.

Vanquished Creatures
  The ghost of kroki the Thrower, an experienced KoBe of Trog (D:4)
  An ogre (D:4)
  A phantom (D:4)
  A centaur (D:3)
  A scorpion (D:4)
  An orc priest (D:4)
  A giant frog skeleton (D:4)
  A hound (D:4)
  An orc wizard (D:4)
  2 worker ants (D:4)
  2 gnolls
  4 adders
  3 oozes
  4 worms
  3 giant geckos
  6 orcs (D:4)
  A ball python (D:1)
  3 giant cockroaches
  13 goblins
  16 hobgoblins
  14 jackals
  A quokka (D:4)
  6 bats
  4 giant newts
  8 kobolds
  6 rats
105 creatures vanquished.

Notes
Turn   | Place    | Note
--------------------------------------------------------------
     0 | D:1      | MartinZepigue the Human Berserker began the quest for the Orb.
     0 | D:1      | Reached XP level 1. HP: 18/18 MP: 1/1
   198 | D:1      | Reached XP level 2. HP: 12/24 MP: 2/2
   488 | D:1      | Reached XP level 3. HP: 16/29 MP: 3/3
  1169 | D:2      | Acquired Trog's second power
  1351 | D:2      | Reached XP level 4. HP: 35/35 MP: 4/4
  1577 | D:2      | Found an opulent altar of Gozag.
  1577 | D:2      | Found a sparkling altar of Nemelex Xobeh.
  1641 | D:2      | Found a snail-covered altar of Cheibriados.
  2141 | D:2      | Reached XP level 5. HP: 38/42 MP: 5/5
  2150 | D:2      | Reached skill level 4 in Axes
  2319 | D:3      | Noticed a centaur
  2341 | D:3      | Killed a centaur
  2341 | D:3      | Reached XP level 6. HP: 33/48 MP: 6/6
  2359 | D:3      | Upgraded the game from 0.17-a0-1741-gd5e8965 to 0.17-a0-1748-g222fba8
  2796 | D:3      | Gained mutation: Your magical capacity is low (-10% MP). [potion of mutation]
  2796 | D:3      | Gained mutation: Your muscles are strong. (Str +2) [potion of mutation]
  2796 | D:3      | Gained mutation: You occasionally shout uncontrollably at your foes. [potion of mutation]
  2886 | D:3      | Found a sacrificial altar of Ru.
  3563 | D:4      | Reached skill level 1 in Stealth
  3893 | D:4      | Reached skill level 1 in Shields
  3893 | D:4      | Reached XP level 7. HP: 39/55 MP: 6/6
  4476 | D:4      | Noticed kroki's ghost (experienced KoBe)
  4497 | D:4      | Killed kroki's ghost
  4497 | D:4      | Reached skill level 5 in Fighting
  4497 | D:4      | Reached skill level 5 in Axes
  4497 | D:4      | Reached XP level 8. HP: 50/62 MP: 7/7
  4823 | D:4      | Slain by an orc priest

Vault maps used:
D:1:      eino_arrival_druids_welcome
D:2:      grunt_temple_overflow_opulence, cheibriados_altar_wand_db,
          kennysheep_generic_room_2
D:3:      first_bread, hangedman_ru_absence

Action                   |  1- 3 |  4- 6 |  7- 9 || total
-------------------------+-------+-------+-------++-------
Melee: Hand axe          |   131 |   354 |    93 ||   578
Invok: Berserk           |     3 |     3 |     2 ||     8
  Use: Scroll            |     3 |     4 |     1 ||     8
       Potion            |     2 |     6 |       ||     8
 Stab: Invisible         |       |     3 |       ||     3
  Eat: Chunk             |     1 |    10 |       ||    11
       Bread ration      |     1 |       |     1 ||     2
       Pizza             |       |     1 |       ||     1
       Meat ration       |       |       |     1 ||     1
